 Dungeon Crawl Stone Soup version 0.22.1-2-g9c5b331 (webtiles) character file.

300 tognito the Cleaver (level 6, -1/51 HPs)
             Began as a Minotaur Berserker on Dec 25, 2018.
             Was a Priest of Trog.
             Slain by an orc priest
             ... wielding a +0 flail
              (7 damage)
             ... on level 4 of the Dungeon.
             The game lasted 00:06:23 (2307 turns).

tognito the Cleaver (Minotaur Berserker)            Turns: 2307, Time: 00:06:24

Health: -1/51      AC:  5    Str: 24    XL:     6   Next: 13%
Magic:  5/5        EV: 11    Int:  4    God:    Trog [***...]
Gold:   215        SH:  0    Dex:  9    Spells: 5/5 levels left

rFire    . . .     SeeInvis .   a - +0 hand axe
rCold    . . .     Gourm    .   (no shield)
rNeg     . . .     Faith    .   g - +0 ring mail (curse)
rPois    +         Spirit   .   (helmet restricted)
rElec    .         Reflect  .   (no cloak)
rCorr    .         Harm     .   (no gloves)
MR       .....                  (no boots)
Stlth    ..........             (no amulet)
HPRegen  0.17/turn              i - ring of poison resistance
MPRegen  0.09/turn              (no ring)

@: slowed, very slow
A: retaliatory headbutt, horns 2
a: Berserk, Trog's Hand, Renounce Religion


You were on level 4 of the Dungeon.
You worshipped Trog.
Trog was most pleased with you.
You were not hungry.

You visited 1 branch of the dungeon, and saw 4 of its levels.

You collected 215 gold pieces.

Inventory:

Hand Weapons
 a - a +0 hand axe (weapon)
Missiles
 b - 45 arrows
Armour
 e - a +0 ring mail
 g - a cursed +0 ring mail (worn)
Jewellery
 i - a ring of poison resistance (left hand)
Scrolls
 f - a scroll of identify
 k - a scroll of fear {unknown}
Potions
 h - 2 potions of curing
 j - a potion of mutation {unknown}
Comestibles
 c - 6 rations


   Skills:
 - Level 3.6 Fighting
 + Level 8.4 Axes
 - Level 2.4 Armour
 - Level 2.1 Dodging


You had 5 spell levels left.
You didn't know any spells.
Your spell library was empty.

Dungeon Overview and Level Annotations

Branches:
Dungeon (4/15)
 Temple: D:4-7

Altars:
Dithmenos
Vehumet
Zin
The Shining One


Innate Abilities, Weirdness & Mutations

You reflexively headbutt those who attack you in melee.
You have a pair of horns on your head.


Message History

The magic dart hits you!
You are too injured to fight recklessly!
You are too injured to fight recklessly!
You are too injured to fight recklessly!
You are too injured to fight recklessly!
You are too injured to fight recklessly!
Unknown command.
The orc wizard points at you and mumbles some strange words.
The magic dart hits you!
Found a ration and 10 gold pieces.
The orc wizard points at you and mumbles some strange words.
You feel yourself slow down.
The orc priest calls down the wrath of Beogh upon you.
Beogh smites you!
* * * LOW HITPOINT WARNING * * *
The orc wizard casts a spell.
The orc wizard blinks!
Found 9 gold pieces and a scroll of identify.
The orc priest hits you with a flail!
You die...

......# $..
.....#%...
.o...#.... #
#......#.# #.
#........#
#.##.........
#.))...>.....
#o@.ยง.?....
#......[........
...........$.....
.##...#..........
#...#..........
#..............
...............$
#.#.##.#.##..#.?


You could see an orc priest and an orc wizard.

Vanquished Creatures
  A bullfrog skeleton (D:3)
  A hound (D:4)
  An orc priest (D:4)
  An orc wizard (D:3)
  6 gnolls (D:3)
  6 adders
  2 worms
  3 dart slugs
  A leopard gecko (D:1)
  6 orcs
  2 giant cockroaches (D:3)
  9 goblins
  2 hobgoblins
  3 quokkas
  6 bats
  6 frilled lizards
  A jackal skeleton (D:4)
  7 kobolds
  4 rats (D:3)
  A fungus (D:1)
69 creatures vanquished.

Notes
Turn   | Place    | Note
-------+----------+-------------------------------------------
     0 | D:1      | tognito the Minotaur Berserker began the quest for the Orb.
     0 | D:1      | Reached XP level 1. HP: 19/19 MP: 0/0
   186 | D:1      | Reached skill level 4 in Axes
   291 | D:1      | Reached XP level 2. HP: 17/26 MP: 1/1
   541 | D:2      | Reached skill level 5 in Axes
   544 | D:2      | Reached XP level 3. HP: 19/31 MP: 2/2
   751 | D:2      | Found a glowing silver altar of Zin.
   751 | D:2      | Found a radiant altar of Vehumet.
   773 | D:2      | Found a glowing golden altar of the Shining One.
   937 | D:2      | Reached skill level 6 in Axes
   937 | D:2      | Reached XP level 4. HP: 20/39 MP: 3/3
  1411 | D:3      | Found a shadowy altar of Dithmenos.
  1421 | D:3      | Reached ** piety under Trog
  1506 | D:3      | Reached XP level 5. HP: 31/45 MP: 4/4
  1535 | D:3      | Reached skill level 7 in Axes
  2242 | D:3      | Reached *** piety under Trog
  2295 | D:4      | Reached skill level 8 in Axes
  2295 | D:4      | Reached XP level 6. HP: 42/51 MP: 5/5
  2307 | D:4      | Slain by an orc priest

Skill      XL: |  1  2  3  4  5 |
---------------+----------------+-----
Axes           | 4 5 6 8 |  8.4
Fighting       | |  3.6
Armour         | |  2.4
Dodging        | |  2.1

Action                   |  1- 3 |  4- 6 || total
-------------------------+-------+-------++-------
Melee: Hand axe          |    82 |   105 ||   187
       Headbutt          |     7 |    20 ||    27
  Use: Potion            |     4 |       ||     4
       Scroll            |     2 |     3 ||     5
 Stab: Invisible         |     2 |       ||     2
  Eat: Chunk             |       |     5 ||     5
Armor: Animal skin       |     4 |       ||     4
       Ring mail         |    26 |    34 ||    60
Dodge: Dodged            |    45 |    54 ||    99
